 Dungeon Crawl Stone Soup version 0.31-a0-150-g89dc3ad700 (webtiles) character file.

Game seed: 12365720523552371191

2 qw the Shooter (level 1, -1/12 HPs)
             Began as a Gargoyle Hunter on June 8, 2023.
             Slain by a goblin
             ... wielding a +0 dagger
              (2 damage)
             ... on level 1 of the Dungeon.
             The game lasted 00:00:02 (21 turns).

qw the Shooter (Gargoyle Hunter)                      Turns: 21, Time: 00:00:02

Health: -1/12      AC:  5    Str: 14    XL:     1   Next: 40%
Magic:  1/1        EV: 11    Int:  9    God:
Gold:   0          SH:  0    Dex: 13    Spells: 0/0 levels left

rFire   . . .        a - +0 shortbow
rCold   . . .        (shield currently unavailable)
rNeg    + . .        c - +0 leather armour
rPois   inf          (no helmet)
rElec   +            (no cloak)
rCorr   .            (no gloves)
SInv    .            (no boots)
Will    .....        (no amulet)
Stlth   +            (no ring)
HPRegen 0.22/turn    (no ring)
MPRegen 0.07/turn

%: no passive effects
@: no status effects
A: sickness immunity, AC +2, negative energy resistance 1, electricity
resistance, torment resistance 1, petrification resistance
a: no special abilities


You were on level 1 of the Dungeon.
You visited 1 branch of the dungeon, and saw 1 of its levels.


Innate Abilities, Weirdness & Mutations

You are immune to sickness and miasma.
Your stone body is resilient. (AC +2)
You are immune to poison.
You resist negative energy. (rN+)
You are resistant to electric shocks. (rElec)
You are resistant to unholy torment.
You are immune to petrification.


   Skills:
 - Level 2.1 Fighting
 + Level 4.1 Ranged Weapons
 - Level 1.5 Dodging
 - Level 1.1 Stealth


You couldn't memorise any spells.
You didn't know any spells.
Your spell library was empty.

Inventory:

Hand Weapons
 a - a +0 shortbow (weapon)
Armour
 c - a +0 leather armour (worn)
Scrolls
 b - a scroll of butterflies

Dungeon Overview and Level Annotations

Branches:
Dungeon (1/15)

Altars:


Message History

You shoot an arrow. The arrow closely misses the goblin.
The hobgoblin shouts!
You shoot an arrow. The arrow closely misses the goblin.
The goblin misses you.
You shoot an arrow.
The arrow hits the goblin but does no damage.
The goblin barely misses you. x2; The goblin hits you but does no damage.
The goblin barely misses you.
You shoot an arrow. The arrow closely misses the goblin.
The goblin hits you with a +0 dagger. The goblin hits you but does no damage.
You shoot an arrow. The arrow closely misses the goblin.
The arrow closely misses the hobgoblin.
The goblin closely misses you.
You shoot an arrow. The arrow hits the hobgoblin.
The hobgoblin is moderately wounded.
The goblin hits you with a +0 dagger. The goblin hits you but does no damage.
The hobgoblin barely misses you.
You shoot an arrow.
The arrow hits the hobgoblin but does no damage.
The hobgoblin is moderately wounded.
The goblin hits you but does no damage. The goblin hits you with a +0 dagger.
The hobgoblin closely misses you.
You shoot an arrow. The arrow closely misses the hobgoblin.
The goblin closely misses you. The goblin hits you with a +0 dagger.
The hobgoblin barely misses you. The goblin hits you but does no damage.
The hobgoblin misses you. The goblin hits you but does no damage.
You shoot an arrow. The arrow barely misses the hobgoblin.
The goblin hits you but does no damage. The goblin barely misses you.
The hobgoblin barely misses you.
You shoot an arrow. The arrow hits the hobgoblin!
You kill the hobgoblin!
The goblin barely misses you. The goblin misses you.
You shoot an arrow. The arrow barely misses the goblin.
The goblin hits you with a +0 dagger. x2
You shoot an arrow. The arrow barely misses the goblin.
The goblin hits you but does no damage. x2
You shoot an arrow. The arrow hits the goblin.
The goblin is moderately wounded.
The goblin hits you but does no damage. The goblin hits you with a +0 dagger.
You die...

## ... ....
##..#
......
#..#.####
#.....g.#
#....g@.#
...)..$..##
$..##...8.#
# #....<#
#...8.#
#....##
#....#
#....#
#.####


You could see 2 goblins.

Vanquished Creatures
  A hobgoblin (D:1)
  A kobold (D:1)
2 creatures vanquished.

Notes
Turn   | Place    | Note
-------+----------+-------------------------------------------
     0 | D:1      | qw the Gargoyle Hunter began the quest for the Orb.
     0 | D:1      | Reached XP level 1. HP: 12/12 MP: 1/1
     0 | D:1      | 0 ||| qw: Version: 0.2-a-119-g7aa9181
     0 | D:1      | 0 ||| qw: Game counter: 2836
     0 | D:1      | 0 ||| qw: Always use a shield: true
     0 | D:1      | 0 ||| qw: God list: Okawaru
     0 | D:1      | 0 ||| qw: Allow faded altars: false
     0 | D:1      | 0 ||| qw: Do Orc after D:15 true
     0 | D:1      | 0 ||| qw: Do second Lair branch before Depths: true
     0 | D:1      | 0 ||| qw: Lair rune preference: random
     0 | D:1      | 0 ||| qw: Plans: Normal
     0 | D:1      | 0 ||| PLANNING D:1-11
    19 | D:1      | HP: 3/12 [goblin/+0 dagger (2)]
    19 | D:1      | HP: 1/12 [goblin/+0 dagger (2)]
    21 | D:1      | Slain by a goblin

Levels and vault maps discovered:
D:1:      mrwooster_arrival_statue, layout_loops_ring, serial_glass,
          glass_columns_c, glass_columns_c

Action                     || total
---------------------------++-------
   Fire: Shortbow          ||    19
 Armour: Leather armour    ||    10
  Dodge: Dodged            ||    14

Table legend:
 A = Non-vault XP
 B = Vault XP
 C = Vault XP percentage of total XP
 D = Non-vault monster count
 E = Vault monster count
 F = Vault count percentage of total count
                 A         B        C        D         E       F
            +---------+---------+-------+---------+---------+-------
      Total |       4 |       0 |   0.0 |       2 |       0 |   0.0
            +---------+---------+-------+---------+---------+-------
        D:1 |       4 |       0 |   0.0 |       2 |       0 |   0.0
            +---------+---------+-------+---------+---------+-------
